 Dungeon Crawl Stone Soup version 0.30-a0-168-g0b976cbdc4 (webtiles) character file.

Game seed: 7697351973882980008

4538 LnG the Covert (level 10, -6/63 HPs)
             Began as a Kobold Summoner on Sept 29, 2022.
             Was an Initiate of Yredelemnul.
             Mangled by a three-headed hydra (11 damage)
             ... on level 8 of the Dungeon.
             The game lasted 00:33:03 (13360 turns).

LnG the Covert (Kobold Summoner)                   Turns: 13360, Time: 00:33:06

Health: -6/63      AC:  5    Str:  9    XL:     10   Next: 66%
Magic:  11/20      EV: 37    Int: 21    God:    Yredelemnul [......]
Gold:   456        SH:  0    Dex: 15    Spells: 13/22 levels left

rFire   . . .      SeeInvis .    y - +5 dagger
rCold   . . .      Faith    .    (no shield)
rNeg    + . .      Spirit   .    x - +2 robe {rN+}
rPois   .          Reflect  .    n - +0 helmet
rElec   .          Harm     .    (no cloak)
rCorr   .          Rampage  .    (no gloves)
Will    .....                    (no boots)
Stlth   +++++.....               a - amulet of the acrobat
HPRegen 0.20/turn                F - ring of Qoqet {Wiz +Blink Str+3}
MPRegen 0.17/turn                d - +4 ring of evasion

@: acrobatic
A: small, no large weapons, nightstalker 3
a: Renounce Religion, Evoke Blink, Recall Undead Harvest


You were on level 8 of the Dungeon.
You worshipped Yredelemnul.
Yredelemnul was noncommittal.
You visited 2 branches of the dungeon, and saw 9 of its levels.

You collected 518 gold pieces.
You spent 62 gold pieces at shops.

Inventory:

Hand Weapons
 k - a +0 dagger of flaming
 w - a +2 vampiric short sword
 y - a +5 dagger (weapon)
Armour
 n - a +0 helmet (worn)
 x - a +2 robe of positive energy (worn)
Jewellery
 a - an amulet of the acrobat (around neck)
 d - a +4 ring of evasion (right hand)
 m - a ring of poison resistance
 q - a ring of see invisible
 F - the ring of Qoqet (left hand) {Wiz +Blink Str+3}
   (You found it on level 8 of the Dungeon)

   [ring of wizardry]

   It improves your spell success rate.
   Str:       It affects your strength (+3).
   +Blink:    It lets you blink.
Wands
 s - a wand of flame (26)
 u - a wand of polymorph (8)
 E - a wand of acid (7)
Scrolls
 g - a scroll of immolation
 h - 2 scrolls of vulnerability
 j - a scroll of poison
 o - 3 scrolls of amnesia
 p - 2 scrolls of blinking {unknown}
 r - a scroll of enchant armour {unknown}
 t - a scroll of enchant weapon {unknown}
 z - 3 scrolls of butterflies {unknown}
 A - a scroll of acquirement {unknown}
 B - a scroll of noise {unknown}
 C - 3 scrolls of teleportation {unknown}
 D - a scroll of fear {unknown}
Potions
 b - a potion of magic
 c - 2 potions of brilliance
 e - 4 potions of cancellation
 f - a potion of heal wounds {unknown}
 i - a potion of curing
 l - a potion of haste {unknown}
 v - 3 potions of flight {unknown}


   Skills:
 * Level 7.1 Fighting
 + Level 6.8 Short Blades
 + Level 7.0 Dodging
 + Level 9.1 Stealth
 + Level 0.3 Unarmed Combat
 + Level 6.7 Spellcasting
 + Level 1.3 Hexes
 + Level 7.3 Summonings
 + Level 0.4 Evocations


You had 13 spell levels left.
You knew the following spells:

 Your Spells              Type           Power      Damage    Failure   Level
a - Summon Small Mammal   Summ           100%       N/A       1%          1
b - Call Imp              Summ           37%        N/A       1%          2
c - Call Canine Familiar  Summ           37%        N/A       1%          3
d - Summon Guardian Gole  Hex/Summ       25%        N/A       1%          3

Your spell library contained the following spells:

 Spells                   Type           Power      Damage    Failure   Level
 Kiss of Death            Conj/Necr      28%        2d7       3%          1
 Magic Dart               Conj           28%        1d4       3%          1
 Ensorcelled Hibernation  Hex/Ice        18%        N/A       4%          2
 Passwall                 Tmut/Erth      5%         N/A       6%          2
 Confusing Touch          Hex            12%        N/A       6%          3
 Tukima's Dance           Hex            12%        N/A       6%          3
 Dazzling Flash           Conj/Hex       18%        N/A       9%          3
 Summon Lightning Spire   Summ/Air       22%        N/A       9%          4
 Mephitic Cloud           Conj/Pois/Air  7%         N/A       11%         3
 Swiftness                Air            7%         N/A       11%         3
 Dispel Undead            Necr           7%         3d8       32%         4
 Iskenderun's Mystic Bla  Conj/Tloc      7%         2d4       32%         4
 Passage of Golubria      Tloc           7%         N/A       32%         4
 Yara's Violent Unravell  Hex/Tmut       4%         3d4       58%         5
 Starburst                Conj/Fire      3%         6d3       99%         6


Dungeon Overview and Level Annotations

Branches:
Dungeon (8/15)             Temple (1/1) D:4
   Lair: D:8-11

Altars:
Ashenzari
Cheibriados
Dithmenos
Elyvilon
Fedhas
Gozag
Hepliaklqana
Kikubaaqudgha
Nemelex Xobeh
Okawaru
Qazlal
Sif Muna
Trog
Vehumet
Wu Jian
Xom
Yredelemnul
Zin

Shops:
D:8 *


Innate Abilities, Weirdness & Mutations

You are small and have problems with some larger weapons.
You are completely attuned to the shadows.


Message History

Your hound barely misses the three-headed hydra.
The three-headed hydra closely misses you. x2
The three-headed hydra completely misses you.
Your hound bites the three-headed hydra.
The three-headed hydra closely misses you.
The three-headed hydra completely misses you.
The three-headed hydra bites you.
Your hound barely misses the three-headed hydra.
Your hound bites the three-headed hydra.
The three-headed hydra completely misses you. x2
The three-headed hydra bites you.
* * * LOW HITPOINT WARNING * * *
Your hound bites the three-headed hydra.
The three-headed hydra closely misses you.
The three-headed hydra misses you.
The three-headed hydra completely misses you.
Your hound bites the three-headed hydra.
You feel better.
Your hound bites the three-headed hydra.
The three-headed hydra closely misses your hound.
The three-headed hydra bites your hound!
Your hound dies!
Your hound's corpse disappears in a puff of smoke!
The three-headed hydra bites you.
Casting: Call Canine Familiar (safe; 1% risk of failure)
Confirm with . or Enter, or press ? or * to list all spells.
The three-headed hydra misses you. The three-headed hydra bites you.
* * * LOW HITPOINT WARNING * * *
The three-headed hydra barely misses you.
The three-headed hydra bites you but does no damage.
The three-headed hydra completely misses you.
The three-headed hydra misses you.
Your hound bites the three-headed hydra.
Your hound barely misses the three-headed hydra.
The three-headed hydra bites you but does no damage.
The three-headed hydra bites you!
* * * LOW HITPOINT WARNING * * *
The three-headed hydra bites you!
You die...
Your body rises from the dead as a mindless zombie.

#.# #...........### # #.#
#.......<.#...# #
###.####..#####....#.###
#.........# #..........
#>#.####.#####..#.#..##.
#.#.##.............#.##.
#.#.##.....#.#....###.#.
#.#..##########..## ##.>
#....#.@...'..#...###.#h
####.#..D.)#.)#..#.#.##.
#...##h)'###+#.....###.
#######.#.#..!..P~.##....# ##
#.........#.♣.♣.~~P##....# #
#.#####.#.#..♣..P)~##....####
#.# #....#.♣.♣..~P##........
#.# #..#.#..~..~PP##.#.....>
#.# #..#.####.######.#...###


You could see a three-headed hydra (ally target) and a friendly hound
(summoned).

Vanquished Creatures
  2 dream sheep (D:8)
  Sigmund (D:4)
  A steam dragon (D:8)
  2 water moccasins (D:8)
  Edmund (D:4)
  An orc warrior (D:6)
  An ice beast (D:8)
  A sky beast (D:7)
  A black bear (D:5)
  An ogre (D:7)
  A centaur (D:6)
  3 kobold brigands
  2 necrophages
  A bullfrog (D:5)
  2 scorpions
  3 wights
  A water moccasin zombie (D:5)
  2 killer bees (D:7)
  A jelly (D:5)
  4 hounds
  3 orc priests
  2 centaur zombies (D:5)
  A human zombie (D:5)
  2 iguanas (D:6)
  Ijyb (D:4)
  4 orc wizards
  A scorpion zombie (D:5)
  A killer bee zombie (D:5)
  2 mummies (D:5)
  A howler monkey zombie (D:5)
  6 gnolls
  3 adders
  A worm (D:5)
  A dart slug (D:2)
  9 orcs
  2 endoplasms
  4 giant cockroaches
  7 hobgoblins
  A jackal (D:3)
  9 kobolds
  3 quokkas
  7 ball pythons
  2 bats
  4 goblins
  3 rats
112 creatures vanquished.

Vanquished Creatures (collateral kills)
  3 ice beasts
  A sky beast (D:8)
  2 kobold brigands (D:8)
  A necrophage (D:5)
  A bullfrog (D:7)
  A killer bee (D:7)
  2 howler monkeys
  2 jellies
  2 orc wizards
  3 gnolls
  2 adders
  A white imp (D:6)
  A dart slug (D:4)
  15 orcs
  3 bats
  3 endoplasms
  A giant cockroach (D:1)
  5 goblins
  A hobgoblin (D:1)
  7 jackals (D:1)
  3 quokkas
  4 ball pythons
  7 kobolds
  A rat (D:1)
72 creatures vanquished.

Vanquished Creatures (others)
  A swamp drake (D:6)
  2 dream sheep zombies (D:8)
  A scorpion (D:6)
  A gnoll sergeant (D:5)
  4 wights (D:6)
  2 howler monkeys (D:8)
  A gnoll bouda (D:6)
  2 iguanas (D:6)
  A killer bee zombie (D:7)
  An ice beast zombie (D:8)
  A sky beast zombie (D:8)
  2 hound zombies (D:6)
  2 howler monkey zombies
  2 gnolls
  A swamp drake zombie (D:6)
  An adder zombie (D:6)
  An iguana zombie (D:6)
  A jelly zombie (D:5)
  A spectral white imp (D:6)
  6 gnoll zombies
  4 kobolds (D:8)
  4 kobold zombies
  6 orc zombies
  A fungus (D:3)
  3 toadstools (D:3)
52 creatures vanquished.

Grand Total: 236 creatures vanquished

Notes
Turn   | Place    | Note
-------+----------+-------------------------------------------
     0 | D:1      | LnG the Kobold Summoner began the quest for the Orb.
     0 | D:1      | Reached XP level 1. HP: 10/10 MP: 3/3
   192 | D:1      | Reached XP level 2. HP: 10/15 MP: 0/5
   375 | D:1      | Learned a level 2 spell: Call Imp
   799 | D:1      | Reached XP level 3. HP: 19/19 MP: 3/6
   803 | D:1      | Learned a level 3 spell: Call Canine Familiar
   882 | D:1      | Found a faded altar of an unknown god.
  2335 | D:2      | Reached XP level 4. HP: 24/24 MP: 8/8
  2650 | D:2      | Reached skill level 1 in Fighting
  3142 | D:2      | Reached skill level 3 in Stealth
  3202 | D:3      | Reached skill level 1 in Short Blades
  3208 | D:3      | Reached XP level 5. HP: 29/29 MP: 9/9
  3294 | D:3      | Found a blossoming altar of Fedhas.
  3297 | D:3      | Found a bloodstained altar of Trog.
  3439 | D:3      | Found a glowing silver altar of Zin.
  3440 | D:3      | Found a radiant altar of Vehumet.
  3440 | D:3      | Found an opulent altar of Gozag.
  3441 | D:3      | Found a sparkling altar of Nemelex Xobeh.
  4121 | D:3      | Reached skill level 4 in Stealth
  4521 | D:4      | Noticed Ijyb
  4594 | D:4      | Found a broken altar of Ashenzari.
  4614 | D:4      | Reached skill level 5 in Summonings
  4614 | D:4      | Reached XP level 6. HP: 14/35 MP: 6/10
  4861 | D:4      | Learned a level 3 spell: Summon Guardian Golem
  4919 | D:4      | Noticed Sigmund
  4923 | D:4      | Killed Sigmund
  4924 | D:4      | Reached skill level 5 in Stealth
  4924 | D:4      | Reached XP level 7. HP: 40/40 MP: 11/11
  5072 | D:4      | Killed Ijyb
  5351 | D:4      | Noticed Edmund
  5355 | D:4      | Killed Edmund
  5806 | D:4      | Found a staircase to the Ecumenical Temple.
  5812 | Temple   | Entered the Ecumenical Temple
  6117 | D:5      | Entered Level 5 of the Dungeon
  6445 | D:5      | Reached XP level 8. HP: 48/48 MP: 13/13
  6476 | D:5      | Reached skill level 6 in Stealth
  6606 | D:5      | Found a basalt altar of Yredelemnul.
  6776 | D:5      | Became a worshipper of Yredelemnul the Dark
  6783 | D:5      | Reached skill level 5 in Dodging
  7144 | D:5      | Reached * piety under Yredelemnul
  7322 | D:5      | Found an iron altar of Okawaru.
  7568 | D:5      | Found a shimmering blue altar of Sif Muna.
  7691 | D:5      | Identified the +5 spear of Obsession {antimagic, Fragile
                  | rElec rPois SInv}
  8150 | D:5      | Reached skill level 5 in Short Blades
  8150 | D:5      | Reached skill level 7 in Stealth
  8150 | D:5      | Reached XP level 9. HP: 39/53 MP: 13/15
  8846 | D:6      | Reached skill level 5 in Fighting
  8972 | D:6      | Identified the +6 whip of Xyrcheav {holy, rF+ Int+2}
 10186 | D:6      | Reached skill level 5 in Spellcasting
 10865 | D:7      | Reached skill level 8 in Stealth
 11206 | D:7      | Reached XP level 10. HP: 60/60 MP: 18/18
 11797 | D:8      | Identified the +1 chain mail "Raixif Fae" {rN+ Slay+2}
 12081 | D:8      | Found Nuneacay's Assorted Antiques.
 12086 | D:8      | Bought a scroll of identify for 62 gold pieces
 12364 | D:8      | Reached skill level 1 in Hexes
 12719 | D:8      | Reached skill level 9 in Stealth
 13090 | D:8      | Identified the +2 leather armour of Elitism {-Tele rPois
                  | Dex+8}
 13298 | D:8      | Identified the ring of Qoqet {Wiz +Blink Str+3}
 13309 | D:8      | Reached ** piety under Yredelemnul
 13322 | D:8      | Noticed a three-headed hydra
 13360 | D:8      | Mangled by a three-headed hydra

Illustrated notes

Levels and vault maps discovered:
D:1:      lightli_arrival_statue_moat, layout_loops_ring,
          ebering_ecumenical_altar_abandoned, hex_large
D:2:      layout_loops_ring, grunt_decor_resistance
D:3:      layout_basic, minitemple, moated_statue, minmay_gold_behind_fungi,
          minmay_checkerbox
D:4:      layout_basic, ashenzari_altar_1, minmay_temple_entry_drinking_statues,
          minmay_misc_feat_square, uniq_ijyb, uniq_edmund, uniq_sigmund
D:5:      layout_basic, lemuel_mausoleum_altar_yredelemnul, okawaru_gym_becter,
          kennysheep_orc_sif_temple
D:6:      layout_loops_ring, minmay_chambers_of_fives
D:7:      layout_rooms
D:8:      layout_loops_ring, serial_shops, nicolae_diamond_shop, hangedman_ranch
Temple:   hellmonk_temple_rainy

Skill      XL: |  1  2  3  4  5  6  7  8  9 10 |
---------------+-------------------------------+-----
Fighting       | 1 2 3 4 6 7 |  7.1
Stealth        | 3 4 5 7 8 9 |  9.1
Short Blades   | 1 2 3 5 6 |  6.8
Dodging        | 3 4 5 6 7 |  7.0
Spellcasting   | 3 4 5 6 |  6.7
Summonings     | 5 6 7 |  7.3
Hexes          | 1 |  1.3
Unarmed Combat | |  0.3
Evocations     | |  0.4

Action                   |  1- 3 |  4- 6 |  7- 9 | 10-12 || total
-------------------------+-------+-------+-------+-------++-------
Melee: Unarmed           |    32 |       |       |       ||    32
       Punch             |     1 |     2 |     7 |     1 ||    11
       Dagger            |    40 |   104 |   307 |    80 ||   531
       Short sword       |       |       |    38 |       ||    38
 Cast: Summon Small Mamm |    13 |       |     3 |       ||    16
       Call Imp          |     3 |     1 |    12 |       ||    16
       Call Canine Famil |     2 |     6 |    27 |    12 ||    47
       Summon Guardian G |       |       |     7 |     4 ||    11
Evoke: Wand              |       |       |     3 |       ||     3
  Use: Scroll            |       |       |     6 |     2 ||     8
       Potion            |       |       |     4 |     1 ||     5
 Stab: Sleeping          |     9 |     7 |    17 |     9 ||    42
       Distracted        |       |     1 |     5 |     1 ||     7
Armor: Robe              |    12 |     8 |    48 |    15 ||    83
       Skin              |       |       |    14 |       ||    14
Dodge: Dodged            |    90 |    79 |   313 |   142 ||   624

Table legend: (Time is in decaauts)
 A = Elapsed time spent in this place.
 B = Non-inter-level travel time spent in this place.
 C = Inter-level travel time spent in this place.
 D = Time resting spent in this place.
 E = Time spent auto-exploring this place.
 F = Levels seen in this place.
 G = Mean time per level.
                   A        B        C        D        E       F      G
               +--------+--------+--------+--------+--------+-----+--------+
         Total |  13258 |  12583 |    675 |   4236 |   6168 |   9 | 1473.1 |
       Dungeon |  13219 |  12558 |    661 |   4236 |   6149 |   8 | 1652.4 |
        Temple |     38 |     24 |     14 |      0 |     19 |   1 |   38.0 |
               +--------+--------+--------+--------+--------+-----+--------+

Top non-repeatable levels by time:
     D:5: 2776 daAuts
     D:6: 1853 daAuts
     D:8: 1777 daAuts
     D:1: 1767 daAuts
     D:4: 1522 daAuts
     D:2: 1420 daAuts
     D:3: 1355 daAuts
     D:7: 746 daAuts
  Temple: 38 daAuts
